Map: Symulakrum ER

Players

kers - Winner!

  • Race: Protoss Protoss
  • League: Platinum
  • Spawn Location: 11:00

VOD

Have the link to the VOD?

Description

Time

  • Played on: March 2, 2020, 1:03 p.m.
  • Length: 11:09
Show
View Real Time Build Order
Export as new Build Order

kers Protoss - Winner!

Build Orders: 1 Gate Expand, Archon Immortal 

Get SALT Encoding   

  12  0:02  Probe  
  12  0:14  Probe  
  12  0:19  Pylon  
  12  0:26  Probe  
  12  0:30  Assimilator  
  12  0:38  Probe  
  12  0:48  Gateway  
  12  0:51  Probe  
  12  1:03  Probe  
  12  1:15  Probe  
  12  1:28  Probe  
  12  1:35  Nexus  
  12  1:40  Probe  
  12  1:54  Pylon  
  12  1:55  Probe (Chrono Boost)  
  12  2:01  Cybernetics Core  
  12  2:05  Probe (Chrono Boost)  
  12  2:07  Cybernetics Core  
  12  2:11  Probe (Chrono Boost)  
  12  2:23  Probe (Chrono Boost)  
  12  2:31  Probe (Chrono Boost)  
  12  2:39  Probe  
  12  2:40  Warp Gate (Chrono Boost)  
  12  2:42  Assimilator  
  12  2:46  Robotics Facility  
  12  2:51  Probe  
  12  2:59  Adept  
  12  3:03  Probe  
  12  3:14  Pylon  
  12  3:15  Probe  
  12  3:22  Gateway  
  12  3:25  Gateway  
  12  3:28  Probe, Assimilator  
  12  3:30  Assimilator  
  12  3:35  Observer (Chrono Boost)  
  12  3:40  Probe  
  12  3:52  Probe  
  12  4:04  Probe  
  12  4:07  Forge  
  12  4:16  Probe  
  12  4:23  Gateway, Stalker  
  12  4:24  Gateway, Stalker  
  12  4:25  Sentry  
  12  4:28  Probe  
  12  4:30  Observer  
  12  4:40  Probe  
  12  4:44  Pylon  
  12  4:47  Pylon  
  12  4:48  Pylon  
  12  4:53  Probe (Chrono Boost), Stalker  
  12  4:56  Stalker  
  12  5:01  Probe (Chrono Boost)  
  12  5:07  Protoss Ground Weapons Level 1  
  12  5:10  Probe (Chrono Boost)  
  12  5:12  Probe (Chrono Boost)  
  12  5:14  Twilight Council  
  12  5:17  Probe (Chrono Boost)  
  12  5:20  Probe (Chrono Boost)  
  12  5:28  Probe (Chrono Boost)  
  12  5:30  Probe (Chrono Boost)  
  12  5:35  Probe x2 (Chrono Boost)  
  12  5:44  Pylon  
  12  5:47  Probe  
  12  5:48  Probe, Sentry  
  12  5:49  Pylon, Sentry  
  12  5:54  Zealot x2  
  12  5:59  Probe  
  12  6:00  Probe  
  12  6:01  Charge, Templar Archives  
  12  6:08  Pylon  
  12  6:11  Probe  
  12  6:12  Probe  
  12  6:22  Immortal (Chrono Boost)  
  12  6:24  Probe x2  
  12  6:33  Pylon  
  12  6:36  Probe x2  
  12  6:38  Pylon  
  12  6:48  Probe x2  
  12  6:50  High Templar x2  
  12  6:51  High Templar x2  
  12  6:57  Archon x2  
  12  6:59  Immortal (Chrono Boost)  
  12  7:00  Probe x2  
  12  7:10  Nexus  
  12  7:12  Probe x2  
  12  7:13  Pylon  
  12  7:15  Protoss Ground Armor Level 1  
  12  7:24  Probe x2  
  12  7:31  Immortal  
  12  7:35  High Templar  
  12  7:36  Probe x2, High Templar x2  
  12  7:37  High Templar  
  12  7:40  Archon  
  12  7:41  Archon  
  12  7:49  Colossus  
  12  7:54  Probe x2  
  12  8:02  Assimilator  
  12  8:04  Assimilator  
  12  8:06  Probe x2, Photon Cannon  
  12  8:10  Photon Cannon  
  12  8:12  Pylon, Shield Battery  
  12  8:15  Pylon  
  12  8:18  Probe x2  
  12  8:22  Gateway, High Templar  
  12  8:23  High Templar x2  
  12  8:24  Gateway  
  12  8:26  Gateway  
  12  8:27  Probe  
  12  8:38  High Templar  
  12  8:41  Archon  
  12  8:43  Archon  
  12  8:46  Immortal  
  12  8:47  Zealot  
  12  8:53  Pylon  
  12  8:54  Pylon  
  12  8:55  Pylon  
  12  9:02  High Templar x2  
  12  9:06  Archon  
  12  9:08  Zealot x2  
  12  9:22  Zealot x3  
  12  9:23  Zealot  
  12  9:25  Warp Prism  
  12  9:35  Gateway  
  12  9:36  Gateway  
  12  9:39  Stargate  
  12  9:41  Stargate, Zealot x4  
  12  9:50  High Templar  
  12  9:55  High Templar  
  12  10:01  Immortal  
  12  10:10  High Templar  
  12  10:11  High Templar  
  12  10:12  Archon  
  12  10:13  Nexus  
  12  10:15  Pylon  
  12  10:16  Archon  
  12  10:18  Pylon, Zealot x2  
  12  10:22  Assimilator  
  12  10:24  Assimilator  
  12  10:27  Pylon x2  
  12  10:29  Pylon  
  12  10:33  Photon Cannon  
  12  10:34  Photon Cannon  
  12  10:35  Photon Cannon x2  
  12  10:41  Photon Cannon  
  12  10:42  Photon Cannon  
  12  10:43  Shield Battery  
  12  10:46  High Templar x2  
  12  10:47  High Templar  
  12  10:48  High Templar  
  12  10:51  Archon  
  12  10:52  Archon  
  12  10:55  Zealot x5  
Tags
 
Add a new tag
Caveats
  • Supply blocks, unpowered buildings, or Contaminate may cause inaccurate times.
  • Supply counts are checked every 10 seconds.